 Dungeon Crawl Stone Soup version 0.30-a0-845-g7c6808c8ce (webtiles) character file.

Game seed: 14796785549393179841

2877 bobo the Firebug (level 10, -12/76 HPs)
             Began as a Human Fire Elementalist on Mar 3, 2023.
             Was a Believer of Vehumet.
             Mangled by a human
             ... wielding a +1 heavy hand axe
              (14 damage)
             ... in a bailey.
             The game lasted 00:25:11 (9457 turns).

bobo the Firebug (Human Fire Elementalist)          Turns: 9457, Time: 00:25:12

Health: -12/76     AC:  3    Str:  9    XL:     10   Next: 5%
Magic:  0/18       EV: 12    Int: 20    God:    Vehumet [**....]
Gold:   434        SH:  0    Dex: 13    Spells: 2/20 levels left

rFire   . . .      SeeInvis .    y - +1 dagger (venom)
rCold   . . .      Faith    .    (no shield)
rNeg    + . .      Spirit   .    a - +0 robe
rPois   +          Reflect  .    m - +0 helmet
rElec   .          Rampage  .    (no cloak)
rCorr   .                        (no gloves)
Will    .....                    (no boots)
Stlth   ++                       (no amulet)
HPRegen 0.32/turn                g - ring of poison resistance
MPRegen 0.16/turn                t - ring of positive energy

@: very slightly contaminated
A: no striking features
a: Renounce Religion


You were in a bailey.
You worshipped Vehumet.
Vehumet was pleased with you.
You visited 2 branches of the dungeon, and saw 8 of its levels.
You also visited: Bailey.

You collected 434 gold pieces.

Inventory:

Hand Weapons
 y - a +1 dagger of venom (weapon)
Armour
 a - a +0 robe (worn)
 e - a scarf of harm
 m - a +0 helmet (worn)
Jewellery
 g - a ring of poison resistance (left hand)
 t - a ring of positive energy (right hand)
 x - a +6 ring of strength
Wands
 d - a wand of roots (3)
 w - a wand of flame (9)
Scrolls
 f - a scroll of torment
 i - 2 scrolls of poison
 j - 5 scrolls of teleportation
 o - 3 scrolls of amnesia
 q - a scroll of blinking
 v - a scroll of silence
Potions
 b - a potion of might {unknown}
 c - 2 potions of ambrosia {unknown}
 h - 5 potions of curing
 k - 4 potions of brilliance
 l - a potion of cancellation {unknown}
 n - 2 potions of mutation {unknown}
 p - 2 potions of flight
 r - a potion of attraction {unknown}
 s - a potion of haste {unknown}
 u - a potion of degeneration {unknown}


   Skills:
 + Level 5.8 Fighting
 - Level 2.0 Dodging
 - Level 4.0 Stealth
 + Level 5.9 Spellcasting
 + Level 6.1 Conjurations
 - Level 1.2 Hexes
 - Level 3.0 Translocations
 + Level 6.8 Fire Magic


You had 2 spell levels left.
You knew the following spells:

 Your Spells              Type           Power      Damage    Failure   Level
a - Foxfire               Conj/Fire      100%       2x1d9     1%          1
e - Inner Flame           Hex/Fire       22%        N/A       6%          3
f - Dazzling Flash        Conj/Hex       40%        N/A       7%          3
q - Shock                 Conj/Air       72%        1d7       3%          1
s - Iskenderun's Mystic   Conj/Tloc      24%        2d7       16%         4
w - Flame Wave            Conj/Fire      31%        2d9       8%          4
z - Scorch                Fire           66%        2d8       1%          2

Your spell library contained the following spells:

 Spells                   Type           Power      Damage    Failure   Level
 Magic Dart               Conj           100%       1d8       1%          1
 Kindle Blastsparks       Fire/Tloc/Air  38%        2d13      9%          3
 Ozocubu's Armour         Ice            5%         N/A       32%         3
 Cause Fear               Hex            5%         N/A       52%         4
 Starburst                Conj/Fire      15%        6d6       75%         6
 Alistair's Intoxication  Tmut/Pois      3%         N/A       96%         5
 Borgnjor's Vile Clutch   Necr/Erth      2%         N/A       96%         5
 Eringya's Noxious Bog    Tmut/Pois      2%         N/A       100%        6
 Ozocubu's Refrigeration  Ice            2%         4d8       100%        7
 Discord                  Hex            5%         N/A       100%        8


Dungeon Overview and Level Annotations

Branches:
Dungeon (7/15)             Temple (1/1) D:4          Bailey (1/1)

Altars:
Ashenzari
Cheibriados
Dithmenos
Elyvilon
Hepliaklqana
Kikubaaqudgha
Nemelex Xobeh
Okawaru
Qazlal
Ru
Sif Muna
Vehumet
Xom
Zin

Shops:
D:2 [(


Message History

The human is lightly wounded.
You finish channelling waves of flame.
You hear a shout! x4
Casting: Flame Wave (dangerous; 8% risk of failure)
Confirm with . or Enter, or press ? or * to list all spells.
Casting: Dazzling Flash (dangerous; 7% risk of failure)
Press: ? - help, Dir - look around, f - activate The human is dazzled.
The human hits you with a +1 heavy hand axe!!
Casting: Dazzling Flash (dangerous; 7% risk of failure)
Confirm with . or Enter, or press ? or * to list all spells.
Casting: Flame Wave (dangerous; 8% risk of failure)
Press: ? - help, Dir - look around, f - activate You miscast Flame Wave.
You are very lightly contaminated with residual magic.
You are caught in a violent explosion.
The human hits you with a +0 war axe!
A human comes into view. It is wielding a +0 war axe.
A human and a gnoll come into view.
The human is wielding a +0 heavy hand axe.
Okay, then.
The human attacks as you move away! The human hits you with a +0 war axe.
The human hits you with a +1 heavy hand axe!
* * * LOW HITPOINT WARNING * * *
The gnoll moves out of view.
Okay, then.
Okay, then.
You feel better.
A hobgoblin comes into view. It is wielding a +0 hand axe.
The human hits you with a +0 war axe!
* * * LOW HITPOINT WARNING * * *
Casting: Flame Wave (dangerous; 8% risk of failure)
Confirm with . or Enter, or press ? or * to list all spells.
Casting: Dazzling Flash (dangerous; 7% risk of failure)
Press: ? - help, Dir - look around, f - activate The human is dazzled. x2
The gnoll is engulfed in a cloud of scalding steam.
The human closely misses you. The human hits you with a +0 war axe!
* * * LOW HITPOINT WARNING * * *
The human hits you with a +1 heavy hand axe!
You die...

## ##~~ .#~~~
.'~~§~ #####
#~§§~##...##
#pg§†..∩..#
#p@...#
#...pgpp∩..#
......##...##
...... #####
#####


You could see 5 humans, a gnoll and a hobgoblin.

Vanquished Creatures
  Grinder (D:6)
  Eustachio (D:6)
  2 steam dragons
  Menkaure (D:5)
  2 water moccasins
  An orc warrior (D:6)
  2 ice beasts (D:6)
  A sky beast (D:4)
  2 black bears
  A centaur (D:5)
  An ogre (D:6)
  A phantom (D:5)
  6 bullfrogs
  A scorpion (D:5)
  2 jellies
  2 orc priests
  4 hounds
  9 orc wizards
  Terence (D:3)
  9 adders
  9 gnolls
  A white imp (D:5)
  2 ufetubi (D:6)
  A worm (D:3)
  3 dart slugs (D:3)
  16 orcs
  3 ball pythons
  4 bats
  7 endoplasms
  4 giant cockroaches
  10 goblins
  10 hobgoblins
  2 jackals (D:1)
  5 kobolds
  4 quokkas
  A frilled lizard (D:2)
  5 rats
137 creatures vanquished.

Vanquished Creatures (others)
  3 demonic plants (D:6)
  388 foxfires
391 creatures vanquished.

Grand Total: 528 creatures vanquished

Notes
Turn   | Place    | Note
-------+----------+-------------------------------------------
     0 | D:1      | bobo the Human Fire Elementalist began the quest for the
                  | Orb.
     0 | D:1      | Reached XP level 1. HP: 13/13 MP: 3/3
   196 | D:1      | Reached XP level 2. HP: 19/19 MP: 1/5
   234 | D:1      | Learned a level 2 spell: Scorch
   591 | D:1      | Reached XP level 3. HP: 24/24 MP: 3/6
   906 | D:2      | Found Wuqid's Antique Armour Boutique.
  1077 | D:2      | Learned a level 3 spell: Inner Flame
  1322 | D:2      | Found a shadowy altar of Dithmenos.
  1613 | D:2      | Found Apryweg's Antique Weapon Emporium.
  1832 | D:3      | Reached XP level 4. HP: 31/31 MP: 3/7
  1911 | D:3      | Reached skill level 1 in Fighting
  2566 | D:3      | Noticed Terence
  2806 | D:3      | Reached skill level 1 in Hexes
  3035 | D:3      | Killed Terence
  3036 | D:3      | Reached XP level 5. HP: 26/37 MP: 1/9
  3439 | D:4      | Noticed a sky beast
  3440 | D:4      | Found a staircase to the Ecumenical Temple.
  3456 | D:4      | Killed a sky beast
  3457 | D:4      | Reached XP level 6. HP: 15/44 MP: 1/10
  3704 | Temple   | Entered the Ecumenical Temple
  3752 | Temple   | Became a worshipper of Vehumet
  4418 | D:4      | Reached XP level 7. HP: 44/51 MP: 1/12
  4542 | D:3      | Learned a level 4 spell: Flame Wave
  4554 | D:4      | Found an ancient bone altar of Kikubaaqudgha.
  4556 | D:4      | Found a stormy altar of Qazlal.
  4556 | D:4      | Found a shimmering altar of Xom.
  4558 | D:4      | Found a shadowy altar of Dithmenos.
  4558 | D:4      | Found a broken altar of Ashenzari.
  4558 | D:4      | Found a shimmering altar of Xom.
  5168 | D:5      | Entered Level 5 of the Dungeon
  5208 | D:5      | Found a white marble altar of Elyvilon.
  5208 | D:5      | Found a broken altar of Ashenzari.
  5211 | D:5      | Found a shadowy altar of Dithmenos.
  5212 | D:5      | Found a snail-covered altar of Cheibriados.
  5254 | D:5      | Found a sparkling altar of Nemelex Xobeh.
  5262 | D:5      | Found a sacrificial altar of Ru.
  5262 | D:5      | Found a stormy altar of Qazlal.
  5628 | D:5      | Identified the +1 scale mail of the Final Blessings {rN+}
  5646 | D:5      | Noticed Menkaure
  5681 | D:5      | Killed Menkaure
  5682 | D:5      | Reached XP level 8. HP: 33/58 MP: 7/14
  5687 | D:5      | Learned a level 4 spell: Iskenderun's Mystic Blast
  5753 | D:5      | Reached skill level 5 in Fire Magic
  6042 | D:5      | Reached * piety under Vehumet
  6042 | D:5      | Offered knowledge of Shock by Vehumet.
  6049 | D:5      | Learned a level 1 spell: Shock
  6211 | D:5      | Reached skill level 1 in Translocations
  6504 | D:6      | Noticed Eustachio
  7266 | D:6      | Killed Eustachio
  7267 | D:6      | Reached XP level 9. HP: 35/66 MP: 0/16
  7427 | D:6      | Noticed Grinder
  7617 | D:6      | Reached skill level 5 in Spellcasting
  7617 | D:6      | Reached skill level 5 in Conjurations
  7836 | D:6      | Reached skill level 5 in Fighting
  8062 | D:6      | Found an iron altar of Okawaru.
  8216 | D:6      | Killed Grinder
  9325 | D:7      | Found a flagged portal.
  9339 | D:7      | Reached XP level 10. HP: 66/76 MP: 5/18
  9427 | Bailey   | Entered a bailey
  9446 | Bailey   | Learned a level 3 spell: Dazzling Flash
  9451 | Bailey   | Reached ** piety under Vehumet
  9451 | Bailey   | Offered knowledge of Magic Dart by Vehumet.
  9457 | Bailey   | HP: 2/76 [human/+0 war axe (12)]
  9457 | Bailey   | Mangled by a human

Illustrated notes

Levels and vault maps discovered:
D:1:      kennysheep_arrival_forest, layout_rooms
D:2:      layout_loops_ring, serial_shops, nicolae_square_shop,
          nicolae_shop_advertising_works [nicolae_subvault_shop_adworks],
          basic_altar, minmay_split_cup_small
D:3:      layout_basic, nicolae_concentric_dashed_squares_mild, uniq_terence
D:4:      layout_basic, doesnt_xom_only_xom,
          minmay_temple_entry_statues_fountains, minivault_24
D:5:      layout_loops_corners, grunt_temple_overflow_open,
          hangedman_decor_peaks_small, minmay_liquid_box,
          minmay_misc_feat_alley, item_on_display_a, uniq_menkaure
D:6:      layout_layer_cave, okawaru_metal_pillars_1_2, abandoned_shop,
          hex_tiny, hangedman_abyss_or_decor_stabs, dreamdust_princess_corridor,
          st_stairs_13, uniq_eustachio, uniq_grinder
D:7:      layout_loops_ring, enter_bailey_5, uniq_joseph
Temple:   zaba_magenta_temple
Bailey:   bailey_axe_froggy_fort_hellmonk, bailey

Skill      XL: |  1  2  3  4  5  6  7  8  9 |
---------------+----------------------------+-----
Conjurations   | 2 3 4 6 |  6.1
Fighting       | 1 2 3 4 5 |  5.8
Hexes          | 1 |  1.2
Spellcasting   | 3 4 5 |  5.9
Fire Magic     | 4 5 6 |  6.8
Stealth        | 3 4 |  4.0
Translocations | 2 3 |  3.0
Dodging        | |  2.0

Action                     |  1- 3 |  4- 6 |  7- 9 | 10-12 || total
---------------------------+-------+-------+-------+-------++-------
  Melee: Short sword       |     6 |     8 |     9 |       ||    23
         Dagger            |       |       |     1 |       ||     1
   Cast: Foxfire           |    38 |    56 |   132 |       ||   226
         Scorch            |    11 |    32 |    46 |     3 ||    92
         Inner Flame       |       |     2 |     7 |       ||     9
         Flame Wave        |       |       |     4 |     1 ||     5
         Shock             |       |       |     3 |       ||     3
         Dazzling Flash    |       |       |       |     3 ||     3
    Use: Scroll            |     1 |     8 |     4 |       ||    13
         Potion            |       |     1 |     1 |     1 ||     3
   Stab: Sleeping          |     1 |       |       |       ||     1
 Armour: Robe              |     2 |    15 |    13 |     1 ||    31
  Dodge: Dodged            |     9 |    19 |    30 |     4 ||    62

Table legend: (Time is in decaauts)
 A = Elapsed time spent in this place.
 B = Non-inter-level travel time spent in this place.
 C = Inter-level travel time spent in this place.
 D = Time resting spent in this place.
 E = Time spent auto-exploring this place.
 F = Levels seen in this place.
 G = Mean time per level.
                   A        B        C        D        E       F      G
               +--------+--------+--------+--------+--------+-----+--------+
         Total |   9462 |   8824 |    638 |   1291 |   6132 |   9 | 1051.3 |
       Dungeon |   9367 |   8745 |    622 |   1278 |   6094 |   7 | 1338.1 |
        Temple |     65 |     49 |     16 |      0 |     38 |   1 |   65.0 |
        Bailey |     29 |     29 |      0 |     13 |      0 |   1 |   29.0 |
               +--------+--------+--------+--------+--------+-----+--------+

Top non-repeatable levels by time:
     D:3: 2163 daAuts
     D:6: 2063 daAuts
     D:5: 2053 daAuts
     D:4: 1184 daAuts
     D:2: 881 daAuts
     D:1: 874 daAuts
     D:7: 146 daAuts
  Temple: 65 daAuts
  Bailey: 29 daAuts
